AoeStats
← Kiritastrich

Arabia

506752193Analyzed
1v1 RM · 17d ago on Sep 15, 2026· 26m 59s· 2 players
Game mode
Random Map
Map size
Tiny (2 player)
Population
200
Speed
Normal
Resources
Standard
Victory
Conquest
Starting age
Dark Age
Ending age
Imperial Age
RankedLock teamsTeams togetherTeam positionsShared explorationLock speedFull tech treeHidden civsTurbo modeCheats
Victory
Defeat
🇷🇺 Shu · Russia
1848
+14
🇲🇽 Chinese · Mexico
1802
-14
Biner
0:27 Loom
8:40 Feudal Age
15:51 Fletching
17:09 Double-Bit Axe
18:25 Padded Archer Armor
24:22 Castle Age
24:36 Crossbowman
25:12 Bodkin Arrow
25:27 Bow Saw
Kiritastrich
5:46 Loom
9:07 Feudal Age
9:47 Double-Bit Axe
13:34 Fletching
18:56 Castle Age
17:19 Padded Archer Armor
17:25 Gold Mining
19:11 Crossbowman
19:49 Bodkin Arrow
20:26 Bow Saw
23:09 Leather Archer Armor
23:03 Thumb Ring
24:27 Ballistics
Connection lost

Rejoining the realm…

Still unreachable

The connection could not be restored.

Session expired

The server has moved on; the page needs a fresh start.